Cogmind - Beta 17.1 @@@ ROGUE MODE // 2026.09.21 @ 13:48:39 Player: Caluan Result: Self-destructed Performance ------------- Evolutions (2) 1000 Regions Visited (5) 1000 Robots Destroyed (26) 130 Value Destroyed (419) 419 Prototype IDs (1) 20 Alien Tech Used (0) 0 Bonus (7) 7 TOTAL SCORE: 2576 Bonus ------- Follower Combat Kills 7 Cogmind --------- Core Integrity 463/550 Matter 255/300 Energy 100/100 System Corruption 0% Temperature Cool (0) Movement Treading (160) Location -8/Materials Parts ------- > --- POWER (1) -------- (None) > --- PROPULSION (3) --- Light Treads Light Treads > --- UTILITY (4) ------ (None) > --- WEAPON (3) ------- (None) > --- INVENTORY (5) ---- Compact Wheel High-capacity Storage Unit High-capacity Matter Pod (200) Peak State ------------ > --- POWER ------------ Light Angular Momentum Engine > --- PROPULSION ------- Light Treads Light Treads Light Treads > --- UTILITY ---------- Bomb Drone Bay > --- WEAPON ----------- Assault Rifle Light Assault Rifle > --- INVENTORY -------- Compact Wheel High-capacity Storage Unit High-capacity Matter Pod [Rating: 24] Favorites ----------- Power Light Angular Momentum Engine Engine Light Angular Momentum Engine Propulsion Light Treads Treads Light Treads Utility Bomb Drone Bay Device Bomb Drone Bay Storage Small Storage Unit Weapon Light Assault Rifle Ballistic Gun Light Assault Rifle Build | -11 -10 -10 -10 -9 -8 ------- Run | Yrd Mat Min Exi Min Mat Slots Evolved 4 | . . . . . 4 Power . | . . . . . . Propulsion 1 | . . . . . 1 Utility 2 | . . . . . 2 Weapon 1 | . . . . . 1 Parts Attached 15 | 6 5 3 . . 1 Power 3 | 1 1 1 . . . Engine 3 | 1 1 1 . . . Core . | . . . . . . Reactor . | . . . . . . Propulsion 4 | 2 1 . . . 1 Treads 4 | 2 1 . . . 1 Leg . | . . . . . . Wheel . | . . . . . . Hover . | . . . . . . Flight . | . . . . . . Utility 3 | 1 1 1 . . . Device 1 | . . 1 . . . Storage 2 | 1 1 . . . . Processor . | . . . . . . Hackware . | . . . . . . Protection . | . . . . . . Artifact . | . . . . . . Weapon 5 | 2 2 1 . . . Energy Gun . | . . . . . . Energy Cannon . | . . . . . . Ballistic Gun 5 | 2 2 1 . . . Ballistic Cannon . | . . . . . . Launcher . | . . . . . . Special Weapon . | . . . . . . Impact Weapon . | . . . . . . Slashing Weapon . | . . . . . . Piercing Weapon . | . . . . . . Special Melee Weapon . | . . . . . . Unidentified Prototypes 1 | . . 1 . . . Parts Lost 7 | . 2 1 . . 4 Power 2 | . 1 . . . 1 Propulsion 2 | . . 1 . . 1 Utility . | . . . . . . Weapon 3 | . 1 . . . 2 Highest Loss Streak 4 | . 1 1 . . 4 To Critical Strikes . | . . . . . . Average Backups 5 | 2 6 5 4 4 3 Power . | . . . . . . Propulsion 2 | 1 3 3 2 2 1 Utility 1 | . . 1 2 2 2 Weapon . | . 2 . . . . Tool/Special . | . . . . . . Unused Backups 7 | 1 2 1 . . 3 Power . | . . . . . . Propulsion 3 | 1 . 1 . . 1 Utility 2 | . . . . . 2 Weapon 2 | . 2 . . . . Tool/Special . | . . . . . . Average Slot Usage (%) 72 | . 78 63 77 85 34 Engine 8 | . 9 4 14 14 3 Treads 25 | . 28 23 20 28 19 Device 6 | . . 7 14 14 3 Storage 4 | . 12 . . . . Ballistic Gun 26 | . 28 28 28 28 9 Peak Build Rating 24 | 6 6 22 23 23 24 Average Rating 12 | 4 5 12 22 23 9 On Entrance 13 | . 6 4 22 23 23 Avg Prop Armor Cover (%) . | . . . . . . Naked Turns 4 | . . . . . 4 Heaviest Build 20 | 10 10 20 20 20 20 Greatest Support 60 | 40 40 40 40 40 60 Greatest Overweight (x) . | . . . . . . Average Overweight (x) . | . . . . . . Largest Inventory Capacity 15 | 8 15 5 5 5 5 Average Capacity 5 | 7 7 5 5 5 5 Most Carried 8 | 5 8 5 5 4 4 Average Carried 5 | 3 6 4 4 4 3 Final Capacity 8 | 8 5 5 5 5 5 Final Carried 5 | 4 5 5 4 4 3 Class Distribution -------------------- 100% | Mutant Dominant Class ---------------- Mutant | -10/Materials Mutant | -10/Mines Mutant | -10/Exiles Mutant | -9/Mines Mutant | -8/Materials Resources | -11 -10 -10 -10 -9 -8 ----------- Run | Yrd Mat Min Exi Min Mat Matter Collected 557 | 236 204 79 . 38 . Remotely . | . . . . . . Salvage Created 723 | . 539 88 . 96 . Parts 52 | . 43 4 . 5 . Haulers Intercepted 2 | . 2 . . . . Recyclers Shooed . | . . . . . . Parts Field Recycled . | . . . . . . Retrieved Matter . | . . . . . . Parts Self-Destructed . | . . . . . . Prevented . | . . . . . . Parts Restored . | . . . . . . Kills | -11 -10 -10 -10 -9 -8 ------- Run | Yrd Mat Min Exi Min Mat Combat Hostiles Destroyed 22 | . 14 5 . 2 1 Melee 1 | . . . . . 1 Guns 21 | . 14 5 . 2 . Classes Destroyed 6 | . 5 . . . 1 Worker 1 | . 1 . . . . Hauler 2 | . 2 . . . . Recycler 1 | . 1 . . . . Swarmer 14 | . 9 5 . . . Cutter 1 | . . . . . 1 Grunt 7 | . 5 . . 2 . Best Kill Streak 4 | . 4 3 . 2 1 Combat Bots Only 3 | . 3 3 . 2 1 Max Kills in Single Turn 2 | . 1 2 . 1 1 Gunslinging 1 | . . 1 . . . Exploded . | . . . . . . Melee 1 | . . . . . 1 Uniques/NPCs Destroyed . | . . . . . . Combat | -11 -10 -10 -10 -9 -8 -------- Run | Yrd Mat Min Exi Min Mat Hostile Shots Fired 154 | . 100 21 . 12 21 Missed 38 | . 31 1 . 3 3 Hits 116 | . 69 20 . 9 18 Melee 17 | . . . . . 17 Projectile 99 | . 69 20 . 9 1 AOE 1 | . . . . . 1 Critical Strikes 12 | . 1 . . 2 9 Damage Taken 1293 | . 642 164 . 129 358 Core 199 | . 83 29 . . 87 Absorbed by Shields . | . . . . . . Regen/Repaired (Parts) 122 | . 122 . . . . Core Remaining (%) 77 | 100 . . . 55 . Volleys Fired 99 | . 68 11 . 7 13 Largest 2 | . 2 2 . 2 2 Hottest 40 | . 40 40 . 40 40 Shots Fired 189 | . 135 22 . 14 18 Gun 189 | . 135 22 . 14 18 Cannon . | . . . . . . Launcher . | . . . . . . Special . | . . . . . . Kinetic 189 | . 135 22 . 14 18 Thermal . | . . . . . . Explosive . | . . . . . . Electromagnetic . | . . . . . . Robot Hit Streak 15 | . 15 5 . 7 5 Robot Miss Streak 5 | . 5 5 . 1 4 Penetration Max . | . . . . . . Secondary Targets 5 | . 3 1 . 1 . Max Gunslinging Chain 1 | . 1 1 . 1 . Shots Hit Robots 118 | . 89 11 . 12 6 Core Hits 50 | . 35 6 . 5 4 Critical Kills . | . . . . . . Critical Parts Destroyed . | . . . . . . Critical Strikes . | . . . . . . Melee Attacks . | . . . . . . Impact . | . . . . . . Slashing . | . . . . . . Piercing . | . . . . . . Sneak Attacks . | . . . . . . Combat Hostiles . | . . . . . . Follow-up Attacks . | . . . . . . Damage Inflicted 1079 | . 770 105 . 120 84 Guns 1055 | . 759 105 . 120 71 Cannons . | . . . . . . Explosions . | . . . . . . Melee . | . . . . . . Ramming 24 | . 11 . . . 13 Kinetic 1055 | . 759 105 . 120 71 Thermal . | . . . . . . Explosive . | . . . . . . Electromagnetic . | . . . . . . Impact . | . . . . . . Slashing . | . . . . . . Piercing . | . . . . . . Highest Corruption . | . . . . . . Average Corruption . | . . . . . . Corruption Purged . | . . . . . . Corruption Blocked . | . . . . . . Overload Shots . | . . . . . . Overflow Damage . | . . . . . . Projectiles . | . . . . . . Explosions . | . . . . . . Melee . | . . . . . . Knockbacks . | . . . . . . Impact . | . . . . . . Kinetic . | . . . . . . Secondary . | . . . . . . Self-Inflicted Damage 2 | . . . . . 2 Shots . | . . . . . . Rammed 18 | . 5 . . . 13 Targets Rammed 18 | . 5 . . . 13 Kicked . | . . . . . . Crushed . | . . . . . . Highest Temperature 54 | . 18 . . 54 . Average Temperature 14 | . 7 . . 26 . Received Heat Transfer 279 | . 168 . . 111 . Siege Activations . | . . . . . . Martial Activations . | . . . . . . Shielding Activations . | . . . . . . Robots Disrupted . | . . . . . . Combat Hostiles . | . . . . . . Robots Corrupted . | . . . . . . Combat Hostiles . | . . . . . . Parts Fried . | . . . . . . Impact Corruptions 1 | . . . . . 1 Robots Melted . | . . . . . . Combat Hostiles . | . . . . . . Parts Melted . | . . . . . . Heat Transferred . | . . . . . . Parts Sabotaged . | . . . . . . Parts Stolen . | . . . . . . Parts Stripped . | . . . . . . Power Chain Reactions . | . . . . . . Alert | -11 -10 -10 -10 -9 -8 ------- Run | Yrd Mat Min Exi Min Mat Maximum Alert Level . | . . . . . . Low Security (%) 100 | 100 100 100 . 100 100 Level 1 . | . . . . . . Level 2 . | . . . . . . Level 3 . | . . . . . . Level 4 . | . . . . . . Level 5 . | . . . . . . High Security . | . . . . . . Max Security . | . . . . . . Peak Influence 113 | . 113 64 . 50 30 Initial 26 | . . 26 . . . Average 20 | . 41 14 . 4 3 Influence Increases 578 | . 354 144 . 50 30 Destroy 0b10 Robot/C 460 | . 280 120 . 40 20 Destroy 0b10 Robot/NC 20 | . 20 . . . . Destroy Leader 94 | . 54 20 . 10 10 Allied During Kill 4 | . . 4 . . . Influence Decreases 578 | . 285 213 . 50 30 Entered New Map 43 | . . 43 . . . Time Decay 505 | . 265 160 . 50 30 Lost Part 30 | . 20 10 . . . Squads Dispatched 5 | . 3 1 . . 1 Investigation 2 | . 2 . . . . Extermination . | . . . . . . Reinforcement 2 | . 1 . . . 1 Assault 1 | . . 1 . . . Garrison . | . . . . . . Intercept . | . . . . . . Searches Triggered . | . . . . . . Construction Impeded . | . . . . . . Haulers Reinforced . | . . . . . . Active Scanning Responses . | . . . . . . Cargo Convoy Interrupts . | . . . . . . Stealth | -11 -10 -10 -10 -9 -8 --------- Run | Yrd Mat Min Exi Min Mat Distress Signals . | . . . . . . Communications Jammed . | . . . . . . Distress Signals . | . . . . . . Times Spotted 30 | . 19 6 . 2 3 Peak Tracking Total 4 | . 4 3 . 2 1 Tactical Retreats . | . . . . . . Traps | -11 -10 -10 -10 -9 -8 ------- Run | Yrd Mat Min Exi Min Mat Traps Triggered 1 | . 1 . . . . Indirectly . | . . . . . . Trap Hack Attempts . | . . . . . . Triggered . | . . . . . . Disarmed . | . . . . . . Reprogrammed . | . . . . . . Reused . | . . . . . . Traps Extracted . | . . . . . . Installed . | . . . . . . Triggered . | . . . . . . Machines | -11 -10 -10 -10 -9 -8 ---------- Run | Yrd Mat Min Exi Min Mat Machines Disabled . | . . . . . . Max in Single Turn . | . . . . . . Machines Repaired . | . . . . . . Machines Dismantled . | . . . . . . Machines Sabotaged . | . . . . . . Overloaded Fab Kills . | . . . . . . Hacking | -11 -10 -10 -10 -9 -8 --------- Run | Yrd Mat Min Exi Min Mat Machines Accessed 3 | . 2 1 . . . Terminals 1 | . 1 . . . . Fabricators . | . . . . . . Repair Stations 1 | . 1 . . . . Recycling Units . | . . . . . . Scanalyzers . | . . . . . . Garrison Access . | . . . . . . Total Hacks 6 | . 5 1 . . . Successful 4 | . 3 1 . . . Failed 2 | . 2 . . . . Catastrophic . | . . . . . . Database Lockouts . | . . . . . . Manual 1 | . 1 . . . . Terminals 1 | . 1 . . . . Fabricators . | . . . . . . Repair Stations 4 | . 4 . . . . Recycling Units . | . . . . . . Scanalyzers . | . . . . . . Garrison Access . | . . . . . . Terminal Hacks 1 | . . 1 . . . Open Door 1 | . . 1 . . . Fabricator Hacks . | . . . . . . Repair Station Hacks 3 | . 3 . . . . Scan Component 2 | . 2 . . . . Repair 1 | . 1 . . . . Recycling Unit Hacks . | . . . . . . Scanalyzer . | . . . . . . Garrison Access Hacks . | . . . . . . Unauthorized Hacks . | . . . . . . Terminals . | . . . . . . Fabricators . | . . . . . . Repair Stations . | . . . . . . Recycling Units . | . . . . . . Scanalyzers . | . . . . . . Garrison Access . | . . . . . . Data Cores Recovered . | . . . . . . Used . | . . . . . . Hacking Detections 2 | . 2 . . . . Full Trace Events 1 | . 1 . . . . Feedback Events . | . . . . . . Feedback Blocked . | . . . . . . Robot Schematics Acquired . | . . . . . . Robots Built . | . . . . . . Authchips . | . . . . . . Time . | . . . . . . Total Robot Build Rating . | . . . . . . Part Schematics Acquired . | . . . . . . Parts Built . | . . . . . . Authchips . | . . . . . . Time . | . . . . . . Total Part Build Rating . | . . . . . . Part Studies Acquired . | . . . . . . Parts Repaired 1 | . 1 . . . . Time 26 | . 26 . . . . Parts Recycled . | . . . . . . Recycled Matter . | . . . . . . Retrieved Matter . | . . . . . . Retrieved Components . | . . . . . . Parts Scanalyzed . | . . . . . . Part Schematics Acquired . | . . . . . . Parts Damaged . | . . . . . . Bothacking | -11 -10 -10 -10 -9 -8 ------------ Run | Yrd Mat Min Exi Min Mat Used RIF Installer . | . . . . . . Robots Hacked . | . . . . . . Non-combat . | . . . . . . Combat . | . . . . . . Robot Hacks Applied . | . . . . . . Relay Couplers Released . | . . . . . . Fabnet Peak Effective % . | . . . . . . Robots Rewired . | . . . . . . Allies Hacked . | . . . . . . Hacks Repelled . | . . . . . . Allies | -11 -10 -10 -10 -9 -8 -------- Run | Yrd Mat Min Exi Min Mat Total Allies 1 | . . 1 . . . Largest Group 1 | . . 1 . . . Highest-Rated Group 31 | . . 31 . . . Highest-Rated Ally 31 | . . 31 . . . Total Orders 2 | . . . . . 2 EXPLORE 2 | . . . . . 2 Ally Attacks 31 | . . 15 . . 16 Total Damage 169 | . . 169 . . . Kills 1 | . . 1 . . . Allies Corrupted . | . . . . . . Allies Melted . | . . . . . . Intel | -11 -10 -10 -10 -9 -8 ------- Run | Yrd Mat Min Exi Min Mat Active Infowar (turns) . | . . . . . . Robot Analysis Total . | . . . . . . Derelict Logs Recovered 1 | . . . . 1 . Drone Launches 16 | . . . . . 16 Drone Recoveries . | . . . . . . Exploration | -11 -10 -10 -10 -9 -8 ------------- Run | Yrd Mat Min Exi Min Mat Turns Passed 2507 | 80 820 682 200 529 196 Spaces Moved 1278 | 50 353 397 125 295 58 Core 17 | 16 . . . . 1 Treads 1261 | 34 353 397 125 295 57 Legs . | . . . . . . Wheels . | . . . . . . Hover . | . . . . . . Flight . | . . . . . . Fastest Speed 50 | 50 160 160 160 160 50 Average Speed 158 | 124 160 160 160 160 158 Slowest Speed 160 | 160 160 160 160 160 160 Overloaded Moves . | . . . . . . Propulsion Burnouts . | . . . . . . Robots Hopped . | . . . . . . Potential Cave-ins 2 | . . . . . 2 Cave-ins Triggered . | . . . . . . Exploration Rate (%) 45 | 4 56 70 53 64 25 Regions Visited 5 Branch Regions 3 Pre-discovered Areas . | . . . . . . Known Exits Taken 1 | . . . . 1 . Unknown Exits Taken 4 | 1 1 1 1 . . Scrap Searched 2 | . . 1 . 1 . Spaces Dug . | . . . . . . Terrain Destroyed . | . . . . . . Melee . | . . . . . . Projectile . | . . . . . . AOE . | . . . . . . Terrain Rammed . | . . . . . . Walls Destroyed . | . . . . . . Machines Disabled . | . . . . . . Actions | -11 -10 -10 -10 -9 -8 --------- Run | Yrd Mat Min Exi Min Mat Total 1593 | 68 499 425 125 340 136 Wait 143 | . 52 10 . 39 42 Move 1273 | 49 352 396 124 294 58 Hop . | . . . . . . Pick Up 24 | 11 9 2 . . 2 Fast Attach 8 | 1 1 2 . . 4 Attach 10 | 5 1 . 1 . 3 Detach . | . . . . . . Swap 5 | . 4 1 . . . Drop 13 | 2 7 3 . . 1 Fire 99 | . 68 11 . 7 13 Melee . | . . . . . . Ram 1 | . . . . . 1 Kick . | . . . . . . Crush 17 | . 5 . . . 12 Escape Stasis . | . . . . . . Rewire . | . . . . . . Trap . | . . . . . . Miscellaneous . | . . . . . . Route ------- -11/Scrapyard -10/Materials (discovered 2 exits: [*Mat] / *Min) -10/Mines (discovered 2 exits: [*Mat] / [*Exi]) -10/Exiles (discovered 2 exits: [*Min x2]) -9/Mines (discovered 2 exits: *Mat x2) -8/Materials History --------- Turn | Location | Event 5 | -11/Scrapyard | Discovered new exit (range 14) 81 | -11/Scrapyard | Entered Materials 310 | -10/Materials | Build established: Mutant 398 | -10/Materials | Discovered new exit (range 7) 662 | -10/Materials | Discovered new exit (range 4) 871 | -10/Materials | Repaired Lgt. Treads 901 | -10/Materials | Entered Mines 947 | -10/Mines | Met a Derelict testing a Signal Generator 1026 | -10/Mines | Found DCF Scrap (11 items) 1080 | -10/Mines | Discovered new exit (range 15) 1104 | -10/Mines | Deemed a non-threat by the Exiles lab entrance 1104 | -10/Mines | Discovered new exit (range 5) 1158 | -10/Mines | Found a Scrap Suit stashed away for nefarious purposes 1217 | -10/Mines | Found the Drone Emporium 1222 | -10/Mines | Found Prototype Device 1222 | -10/Mines | Identified Bomb Drone Bay 1583 | -10/Mines | Entered Exiles 1609 | -10/Exiles | Discovered new exit (range 15) 1627 | -10/Exiles | Met 8R-AWN 1649 | -10/Exiles | Met EX-HEX 1709 | -10/Exiles | Met EX-DEC 1770 | -10/Exiles | Discovered new exit (range 10) 1783 | -10/Exiles | Entered Mines 1861 | -9/Mines | Found a damaged Exp. Sensor Array with a note attached 2303 | -9/Mines | Discovered new exit (range 7) 2304 | -9/Mines | Identified exit to Materials 2312 | -9/Mines | Entered Materials 2312 | -8/Materials | Evolved 4 slots: Propulsion x1, Utility x2, Weapon x1 2442 | -8/Materials | Lost 4 parts (1p1n2w) 2508 | -8/Materials | Self-destructed Last Messages --------------- 02419_ Slammed into C-17 Slicer. 02419_ U-05 Engineer lays Concrete. 02421_ Slammed into C-17 Slicer. 02422_ Destroyed Reaction Control System. 02422_ C-17 Slicer system corrupted by crushing effect. 02424_ Slammed into C-17 Slicer. 02429_ Lgt. Treads severed. 02430_ Slammed into C-17 Slicer. 02430_ C-17 Slicer destroyed. 02432_ Acquired Lgt. Treads. 02442_ U-05 Engineer lays Concrete. 02444_ U-05 Engineer builds a Wall. 02453_ U-05 Engineer lays Concrete. 02469_ The unstable cave ceiling collapses. 02470_ U-05 Engineer lays Concrete. 02481_ K-01 Serf collects debris. 02497_ The unstable cave ceiling collapses. 02505_ K-01 Serf collects debris. 02506_ U-05 Engineer builds a Wall. Map ----- +----------------------------------------------------+ | | | | | | | | | | | | | | | | | | | | | | | | | | | | | ???????????????##????#??# #?##########????? | | ????????????####"#### ### ## = #????? | | ????????????# ! # # #????? | | ????????????# # # # "Y" #????? | | ????????????# # """ #????? | | ????????????#! ! # #######?????? | | ######??????# #?????????? | | !!!!!#??????# """ # % #?????????? | | !##?????? """ # ## #####???????? | | ! !!! #???????""" #k # ##??????? | | ! ############# # # #??????? | | u @## #??????? | | ## ############ # # ### #??????? | | ####???# # # ## # #??????? | | #??????## # [ ### ## #??????? | | ###????#### # w ### #####??????? | | ???????# #]!% t #??????????? | | ######## # # # # #??????????? | | """"" ## // # #### ###### #??????????? | | """"" ## /* # ##### #??????????? | | """"" ## /* ## ##??????????? | | """"" ##] # ###???????????? | | """"" ## ## #?????????????? | | ##### # = #?????????????? | | ### % # #?????????????? | | + #?????????????? | | #########+# #?????????????? | | ??????"" #?????????????? | | ?????"""" # ####??????????? | | ?????"""" ### ###+# # ######?????? | | ????""""" #?# #?????? | | ???? """ #?# #?????? | | ?????? #?######## #?????? | | ????? #???????# #?????? | | ????? #???????# #?????? | | ?????########???????## =#?????? | +----------------------------------------------------+ Best States ------------- Heat Dissipation 31 Energy Generation 18 Energy Capacity 150 Matter Stores 300 Matter Capacity 300 Sight Range 16 Terrain Scan Density 10 Evasion (%) 50 Recoil Reduction 3 Item Schematics ----------------- None Robot Schematics ------------------ None Fabricated ------------ Nothing Repaired ---------- Lgt. Treads | 12% | -10/Materials Studied --------- None Alien Tech Used ----------------- None Achievements -------------- None Challenges ------------ None Game ------ Seed PhasingHackingBefriender Manual? 0 Play Time 00:12:01 Cumulative 308.0 hours Start 2026.09.21 @ 13:38:42 End 2026.09.21 @ 13:48:39 Sessions 1 Manual Loads 0 Difficulty Rogue Special Mode None Game No. 332 Rogue 332 Adventurer 0 Explorer 0 Win Type - Total 3 Types 3/0/0/0/0/0/0/0/0/0 Lore% 40 Gallery% 58 Achievement% 45 Wizard Run 0 Options --------- Layout 1 ASCII 0 Keyboard 0 Movement Numpad Keybinds 0 Fullscreen 2 Font 24/Smallcaps Map View 50x35 Zoom Use 0% Tactical HUD 1 Map Filters NONE Filters NONE Steam 1 RUN: b83d75fa-bb96-40cf-9f74-523fbce22e3c